 Dungeon Crawl Stone Soup version 0.28-a0-906-g0406aca7d3 (webtiles) character file.

Game seed: 7019571363985426394

39 croobank the Ducker (level 3, -3/14 HPs)
             Began as a Felid Hedge Wizard on Nov 23, 2021.
             Slain by a worm (8 damage)
             ... on level 2 of the Dungeon.
             The game lasted 00:07:45 (2593 turns).

croobank the Ducker (Felid Hedge Wizard)            Turns: 2593, Time: 00:07:46

Health: -3/14      AC:  1    Str:  7    XL:     3   Next: 26%
Magic:  1/8        EV: 18    Int: 15    God:
Gold:   27         SH:  0    Dex: 15    Spells: 6/8 levels left
                                        Lives:  0   Deaths: 0

rFire   . . .      SeeInvis +   (weapon unavailable)
rCold   . . .      Faith    .   (shield unavailable)
rNeg    . . .      Spirit   .   (armour unavailable)
rPois   +          Reflect  .   (helmet unavailable)
rElec   .          Harm     .   (cloak unavailable)
rCorr   .          Rampage  .   (gloves unavailable)
Will    .....                   (boots unavailable)
Stlth   ++........              (no amulet)
HPRegen 0.04/turn               c - ring of poison resistance
MPRegen 0.11/turn               (no ring)

@: very slightly contaminated, quick
A: very small, claws 1, fangs 3, see invisible, speed 1, shaggy fur 1, stealthy
paws, no weapons or thrown items, no armour, multi-lived
a: no special abilities


You were on level 2 of the Dungeon.
You visited 1 branch of the dungeon, and saw 2 of its levels.

You collected 27 gold pieces.

Inventory:

Missiles
 a - 59 stones
Jewellery
 c - a ring of poison resistance (left paw)
Scrolls
 b - a scroll of noise {unknown}


   Skills:
 + Level 3.9 Dodging
 + Level 2.8 Stealth
 + Level 0.3 Unarmed Combat
 + Level 3.4 Spellcasting
 + Level 1.1 Conjurations
 + Level 1.0 Summonings
 + Level 1.5 Translocations


You had 6 spell levels left.
You knew the following spells:

 Your Spells              Type           Power      Damage    Failure   Level
a - Magic Dart            Conj           24%        1d4       12%         1
b - Slow                  Hex            8%         N/A       19%         1

Your spell library contained the following spells:

 Spells                   Type           Power      Damage    Failure   Level
 Blink                    Tloc           14%        N/A       16%         2
 Call Imp                 Summ           5%         N/A       19%         2
 Searing Ray              Conj           12%        2d4       19%         2
 Conjure Flame            Conj/Fire      4%         6-21      41%         3
 Mephitic Cloud           Conj/Pois/Air  3%         N/A       43%         3
 Fulminant Prism          Conj/Hex       2%         3d6       83%         4


Dungeon Overview and Level Annotations

Branches:
Dungeon (2/15)

Altars:


Innate Abilities, Weirdness & Mutations

You have sharp claws.
You have razor-sharp teeth.
You have supernaturally acute eyesight. (SInv)
You cover ground quickly. (Speed+)
You are covered in fur. (AC +1)
Your paws help you pounce on unaware monsters.
You are incapable of wielding weapons or throwing items.
You cannot wear armour.
You gain extra lives every three experience levels.


Message History

The worm is severely wounded.
Aiming: Magic Dart (safe; 12% risk of failure)
Press: ? - help, Q - select action, (/) - cycle Shift-Dir - straight line, f/p - worm
Aim: a worm (severely wounded, 100% to hit)
The magic dart hits the worm but does no damage.
The worm is severely wounded.
Aiming: Magic Dart (safe; 12% risk of failure)
Press: ? - help, Q - select action, (/) - cycle Shift-Dir - straight line, f/p - worm
Aim: a worm (severely wounded, 100% to hit)
The magic dart hits the worm.
The worm is almost dead.
The worm misses you.
You scratch the worm but do no damage.
The worm is severely wounded.
You barely miss the worm.
The worm is severely wounded.
The worm bites you!
Ouch! That really hurt!
* * * LOW HITPOINT WARNING * * *
You scratch the worm.
The worm is severely wounded.
You don't have enough magic to cast this spell.
You don't have enough magic to cast this spell.
Found 4 gold pieces.
An endoplasm comes into view.
Aiming: Magic Dart (safe; 12% risk of failure)
Press: ? - help, Q - select action, (/) - cycle Shift-Dir - straight line, f/p - worm
Aim: a worm (moderately wounded, 100% to hit)
You miscast Magic Dart.
You are very lightly contaminated with residual magic.
Nothing appears to happen.
You don't have enough magic to cast this spell.
You don't have enough magic to cast this spell.
The endoplasm quivers.
The worm barely misses you.
You scratch the worm.
The worm is heavily wounded.
The worm bites you!
Ouch! That really hurt!
You die...

.. ... ... ... ...
... #... #######.#
########....
#.....#.#
#........)..
#.....#.# #......?#
#.....#.###......♣♣
#....@w.........♣.♣
#.....##.#.♣♣♣♣.♣.♣♣
#####J##.♣♣..
♣.♣♣.♣♣ #..#.#
♣♣.♣♣♣♣..♣ ##...$
♣.....8♣ .♣♣♣
♣♣♣.⌠.._♣ ♣.
♣......8♣ ♣♣
...♣♣♣♣..♣.
♣♣♣♣♣♣..♣...♣.


You could see a worm and an endoplasm.

Vanquished Creatures
  2 dart slugs (D:1)
  5 endoplasms
  2 giant cockroaches (D:2)
  A goblin (D:1)
  5 hobgoblins
  4 jackals (D:1)
  A kobold (D:2)
  2 quokkas (D:1)
  2 ball pythons (D:1)
  2 bats (D:1)
  A frilled lizard (D:1)
  2 rats
29 creatures vanquished.

Notes
Turn   | Place    | Note
-------+----------+-------------------------------------------
     0 | D:1      | croobank the Felid Hedge Wizard began the quest for the
                  | Orb.
     0 | D:1      | Reached XP level 1. HP: 7/7 MP: 5/5
   511 | D:1      | Learned a level 1 spell: Slow
   551 | D:1      | Reached XP level 2. HP: 11/11 MP: 5/7
  1325 | D:1      | Reached skill level 1 in Conjurations
  2316 | D:2      | Reached XP level 3. HP: 14/14 MP: 2/8
  2435 | D:2      | Found a faded altar of an unknown god.
  2593 | D:2      | Slain by a worm

Illustrated notes

Levels and vault maps discovered:
D:1:      elethiomel_arrival_quiet, layout_basic
D:2:      layout_rooms, shapermc_ecumenical_altar_totnotflames,
          minmay_misc_feat_nine_boxes, minmay_tripent

Skill      XL: |  1  2 |
---------------+-------+-----
Dodging        | 3 |  3.9
Conjurations   | 1 |  1.1
Stealth        | |  2.8
Unarmed Combat | |  0.3
Spellcasting   | |  3.4
Summonings     | |  1.0
Translocations | |  1.5

Action                   || total
-------------------------++-------
Melee: Unarmed           ||    42
       Bite              ||     3
 Cast: Magic Dart        ||    74
  Use: Scroll            ||     2
       Potion            ||     1
 Stab: Sleeping          ||     1
Armor: Skin              ||    30
Dodge: Dodged            ||    41

Table legend: (Time is in decaauts)
 A = Elapsed time spent in this place.
 B = Non-inter-level travel time spent in this place.
 C = Inter-level travel time spent in this place.
 D = Time resting spent in this place.
 E = Time spent auto-exploring this place.
 F = Levels seen in this place.
 G = Mean time per level.
                   A        B        C        D        E       F      G
               +--------+--------+--------+--------+--------+-----+--------+
         Total |   2357 |   2317 |     40 |   1056 |    957 |   2 | 1178.5 |
       Dungeon |   2357 |   2317 |     40 |   1056 |    957 |   2 | 1178.5 |
               +--------+--------+--------+--------+--------+-----+--------+

Top non-repeatable levels by time:
     D:1: 2060 daAuts
     D:2: 296 daAuts
